 Dungeon Sprint DCSS version 0.31-a0-437-g7cee417757 (console) character file.

Game seed: 7973806298353614876

1662 Lexodia the Stormcaller (level 9, 0/45 HPs)
             Began as a Tengu Air Elementalist on Aug 2, 2023.
             Was a Follower of Vehumet.
             Shot with an arrow by a centaur warrior (12 damage)
             ... in the Dungeon (Sprint I: "Red Sonja").
             The game lasted 00:05:40 (795 turns).

Lexodia the Stormcaller (Tengu Air Elementalist)     Turns: 795, Time: 00:05:41

Health: 0/45       AC:  4    Str:  8    XL:     9   Next: 0%
Magic:  14/26      EV: 14    Int: 26    God:    Vehumet [*.....]
Gold:   474        SH:  0    Dex: 15    Spells: 22/32 levels left

rFire   + . .        h - +2 scythe (protect)
rCold   . . .        (shield currently unavailable)
rNeg    . . .        e - +2 robe {rF+}
rPois   .            (helmet restricted)
rElec   .            (no cloak)
rCorr   .            (no gloves)
SInv    .            (boots unavailable)
Will    .....        (no amulet)
Stlth   ++           d - +6 ring of intelligence
HPRegen 0.27/turn    (no ring)
MPRegen 0.20/turn

%: no teleportation
@: flying quickly and evasively, quick
A: beak, talons 3, nimble flight
a: Renounce Religion


You were in the Dungeon.
You worshipped Vehumet.
Vehumet was aware of your devotion.
You visited 1 branch You collected 721 gold pieces.
You spent 247 gold pieces at shops.

Inventory:

Hand Weapons
 h - a +2 scythe of protection (weapon)
Armour
 e - a +2 robe of fire resistance (worn)
 i - a +0 troll leather armour
Jewellery
 d - a +6 ring of intelligence (left hand)
Wands
 a - a wand of mindburst (12)
 f - a wand of charming (12)
Scrolls
 g - a scroll of blinking
 k - a scroll of identify {unknown}
Potions
 b - 2 potions of magic
 c - 3 potions of curing
 j - 2 potions of enlightenment {unknown}


   Skills:
 - Level 2.1 Dodging
 - Level 2.0 Stealth
 + Level 12.2 Spellcasting
 - Level 4.0 Conjurations
 + Level 17.2 Air Magic
 - Level 5.0 Evocations


You had 22 spell levels left.
You knew the following spells:

 Your Spells              Type           Power      Damage    Failure   Level
a - Shock                 Conj/Air       100%       1d9       1%          1
b - Static Discharge      Conj/Air       100%       2-7/arc   1%          2
c - Swiftness             Air            81%        N/A       0%          3
d - Airstrike             Air            40%        2d(6-22)  1%          4

Your spell library contained the following spells:

 Spells                   Type           Power      Damage    Failure   Level
 Foxfire                  Conj/Fire      100%       2x1d9     1%          1


Dungeon Overview and Level Annotations

Branches:
Dungeon (1/1)

Altars:
Cheibriados
Dithmenos
Elyvilon
Fedhas
Gozag
Hepliaklqana
Kikubaaqudgha
Makhleb
Nemelex Xobeh
Okawaru
Qazlal
Ru
Sif Muna
Trog
Uskayaw
Vehumet
Wu Jian
Xom
Yredelemnul
Zin
The Shining One
Jiyva
Lugonu

Shops:
D [[


Innate Abilities, Weirdness & Mutations

You have a beak for a mouth.
You have claws for feet.
Your magical nature lets you fly swiftly and evasively.


Message History

Aiming: Shock (safe; 1% risk of failure)
Press: ? - help, Shift-Dir - straight line, f/p - centaur warrior
Aim: a centaur warrior (purple smoke, severely wounded, 81% to hit)
Okay, then.
Casting: Shock (safe; 1% risk of failure)
Confirm with . or Enter, or press ? or * to list all spells.
The centaur warrior is struck by an arc of lightning!
The centaur warrior is severely wounded.
The centaur warrior is struck by an arc of lightning.
The centaur warrior is lightly wounded.
The centaur warrior is struck by an arc of lightning!
The centaur warrior is almost dead.
The centaur warrior is struck by an arc of lightning.
The centaur warrior is lightly wounded.
The lightning grounds out.
The centaur warrior hits you. The centaur warrior barely misses you.
The centaur warrior wields a +0 orcbow.
The centaur warrior shoots an arrow.
The arrow hits you!!
Ouch! That really hurt!
The centaur warrior hits you. The centaur warrior kicks you.
* * * LOW HITPOINT WARNING * * *
Huge Dmg: -71%(-32hp) hp: 27%(12hp) Unknown command.
Press: ? - help, v - describe, . - travel
Here: a centaur warrior, wielding a +0 orcbow (purple smoke, lightly wounded) Some shallow water.
Unknown command.
Casting: Static Discharge (safe; 1% risk of failure)
Confirm with . or Enter, or press ? or * to list all spells.
The centaur warrior is struck by an arc of lightning.
The centaur warrior is almost dead.
The centaur warrior is struck by an arc of lightning.
The centaur warrior is lightly wounded.
The centaur warrior is struck by an arc of lightning!
You kill the centaur warrior!
Vehumet accepts your kill.
You hear a splash.
The lightning grounds out.
The centaur warrior shoots an arrow.
The arrow barely misses you.
The centaur warrior shoots an arrow.
The arrow hits you!
You die...

##################
<.#..'..#..'..#__#
..)).#..'[.#..'..+
..#####'#####'#__####
..####..#...#.####?!#
..#__####..##[#§§§§§#
..#_____##'#_.+§§c§.+
⌠⌠#_.∩...'..._#§§§.§#
###_..__##_.#+##@###
#_____###)# #§§§.###
#########.####'###.##
.......'†..'.....'(∩#
++++####...##########
###.### #.#'#.#
#.....# #.[)..#


You could see a centaur warrior.

Vanquished Creatures
  A centaur warrior (D)
  Sonja (D)
  A deep troll (D)
  A slime creature (D)
  Sigmund (D)
  A yak (D)
  An ogre (D)
  A jelly (D)
  Ijyb (D)
  2 ballistomycete spores (D)
11 creatures vanquished.

Notes
Turn   | Place    | Note
-------+----------+-------------------------------------------
     0 | D        | Lexodia the Tengu Air Elementalist began the quest for the
                  | Orb.
     0 | D        | Reached XP level 1. HP: 10/10 MP: 4/4
     2 | D        | Noticed Ijyb
     6 | D        | Huge Dmg: 5 dmg
     9 | D        | Killed Ijyb
    10 | D        | Reached skill level 6 in Air Magic
    10 | D        | Reached XP level 2. HP: 12/15 MP: 1/7
    10 | D        | Reached XP level 3. HP: 15/19 MP: 1/9
    15 | D        | Huge Dmg: 5 dmg
    41 | D        | Learned a level 2 spell: Static Discharge
    45 | D        | Learned a level 3 spell: Swiftness
    71 | D        | Noticed an ogre
    76 | D        | Killed an ogre
    77 | D        | Reached skill level 5 in Spellcasting
    77 | D        | Reached skill level 9 in Air Magic
    77 | D        | Reached XP level 4. HP: 21/24 MP: 4/12
   146 | D        | Learned a level 4 spell: Airstrike
   146 | D        | Noticed Sigmund
   149 | D        | Killed Sigmund
   150 | D        | Reached skill level 11 in Air Magic
   150 | D        | Gained mutation: Your magical nature lets you fly swiftly
                  | and evasively. [Tengu growth]
   150 | D        | Reached XP level 5. HP: 28/28 MP: 0/16
   150 | D        | Reached XP level 6. HP: 32/32 MP: 0/18
   272 | D        | Found a burning altar of Makhleb.
   272 | D        | Found a viscous altar of Jiyva.
   272 | D        | Found a shimmering altar of Xom.
   272 | D        | Found a corrupted altar of Lugonu.
   272 | D        | Noticed a slime creature
   276 | D        | Huge Dmg: 15 dmg
   277 | D        | Huge Dmg: 5 dmg
   282 | D        | Huge Dmg: 7 dmg
   289 | D        | Huge Dmg: 10 dmg
   290 | D        | Killed a slime creature
   291 | D        | Reached skill level 13 in Air Magic
   297 | D        | Found a shimmering blue altar of Sif Muna.
   298 | D        | Found an ornate altar of the Wu Jian Council.
   299 | D        | Found a radiant altar of Vehumet.
   301 | D        | Reached XP level 7. HP: 13/36 MP: 2/21
   311 | D        | Became a worshipper of Vehumet
   399 | D        | Found Wacwots's Armour Emporium.
   399 | D        | Found an ancient bone altar of Kikubaaqudgha.
   399 | D        | Found a hazy altar of Hepliaklqana.
   399 | D        | Found a stormy altar of Qazlal.
   399 | D        | Found a hide-covered altar of Uskayaw.
   399 | D        | Found a blossoming altar of Fedhas.
   399 | D        | Found a bloodstained altar of Trog.
   399 | D        | Found an iron altar of Okawaru.
   399 | D        | Found a basalt altar of Yredelemnul.
   399 | D        | Found a glowing golden altar of the Shining One.
   399 | D        | Found a snail-covered altar of Cheibriados.
   399 | D        | Found a sacrificial altar of Ru.
   399 | D        | Found a glowing silver altar of Zin.
   399 | D        | Found a shadowy altar of Dithmenos.
   399 | D        | Found a white marble altar of Elyvilon.
   399 | D        | Noticed a yak
   406 | D        | Killed a yak
   407 | D        | Reached skill level 10 in Spellcasting
   407 | D        | Reached skill level 14 in Air Magic
   529 | D        | Found an opulent altar of Gozag.
   543 | D        | Found a sparkling altar of Nemelex Xobeh.
   547 | D        | Bought a +2 robe of fire resistance for 247 gold pieces
   564 | D        | Noticed Sonja
   567 | D        | Killed Sonja
   568 | D        | Reached skill level 15 in Air Magic
   568 | D        | Reached skill level 5 in Evocations
   568 | D        | Reached XP level 8. HP: 40/41 MP: 12/24
   682 | D        | Noticed a deep troll
   689 | D        | Killed a deep troll
   689 | D        | Reached * piety under Vehumet
   689 | D        | Offered knowledge of Foxfire by Vehumet.
   690 | D        | Reached skill level 17 in Air Magic
   690 | D        | Reached XP level 9. HP: 45/45 MP: 13/26
   767 | D        | Found Saulitou's Armour Emporium.
   790 | D        | Noticed a centaur warrior
   792 | D        | Noticed a centaur warrior
   795 | D        | Huge Dmg: 32 dmg
   795 | D        | Killed a centaur warrior
   795 | D        | Shot with an arrow by a centaur warrior

Illustrated notes

Levels and vault maps discovered:
D:        dungeon_sprint_1 [red_sonja_temple_1, red_sonja_temple_small_1]

Skill      XL: |  1  2  3  4  5  6  7  8 |
---------------+-------------------------+-----
Spellcasting   | 3 5 8 9 11 12 | 12.2
Conjurations   | 4 |  4.0
Air Magic      | 6 9 11 13 15 17 | 17.2
Evocations     | 5 |  5.0
Dodging        | |  2.1
Stealth        | |  2.0

Action                     |  1- 3 |  4- 6 |  7- 9 || total
---------------------------+-------+-------+-------++-------
  Melee: Unarmed           |     3 |       |       ||     3
         Kick              |     2 |       |       ||     2
   Cast: Shock             |     5 |     1 |     1 ||     7
         Static Discharge  |     1 |       |     3 ||     4
         Airstrike         |       |    11 |    11 ||    22
         Swiftness         |       |       |     1 ||     1
  Evoke: Wand              |       |       |     1 ||     1
    Use: Potion            |     1 |     3 |       ||     4
 Armour: Robe              |       |     1 |       ||     1
  Dodge: Dodged            |     3 |     2 |     4 ||     9

Table legend: (Time is in decaauts)
 A = Elapsed time spent in this place.
 B = Non-inter-level travel time spent in this place.
 C = Inter-level travel time spent in this place.
 D = Time resting spent in this place.
 E = Time spent auto-exploring this place.
 F = Levels seen in this place.
 G = Mean time per level.
                   A        B        C        D        E       F      G
               +--------+--------+--------+--------+--------+-----+--------+
         Total |    776 |    776 |      0 |    415 |    177 |   1 |  776.0 |
       Dungeon |    776 |    776 |      0 |    415 |    177 |   1 |  776.0 |
               +--------+--------+--------+--------+--------+-----+--------+

Top non-repeatable levels by time:
       D: 776 daAuts
